 Dungeon Crawl Stone Soup version 0.26.0-20-g3ca415f5b8 (webtiles) character file.

Game seed: 15631769226621868421

140 kaeus the Chopper (level 5, -4/45 HPs)
             Began as a Minotaur Warper on Jan 25, 2021.
             Slain by Natasha (7 damage)
             ... on level 3 of the Dungeon.
             The game lasted 00:02:41 (2861 turns).

kaeus the Chopper (Minotaur Warper)                 Turns: 2861, Time: 00:02:42

Health: -4/45      AC:  3    Str: 16    XL:     5   Next: 2%
Magic:  7/7        EV: 12    Int: 11    God:
Gold:   94         SH:  0    Dex:  9    Spells: 6/8 levels left

rFire    + . .     SeeInvis .   a - +0 hand axe
rCold    x . .     Faith    .   (no shield)
rNeg     . . .     Spirit   .   b - +0 leather armour
rPois    .         Reflect  .   (helmet restricted)
rElec    .         Harm     .   (no cloak)
rCorr    .         Rampage  .   (no gloves)
Will     .....                  (no boots)
Stlth    +.........             (no amulet)
HPRegen  0.15/turn              k - ring of flight
MPRegen  0.10/turn              l - ring of fire

@: slowed, very slow
A: retaliatory headbutt, horns 2
a: Evoke Flight


You were on level 3 of the Dungeon.
You visited 1 branch of the dungeon, and saw 3 of its levels.

You collected 94 gold pieces.

Inventory:

Hand Weapons
 a - a +0 hand axe (weapon)
Armour
 b - a +0 leather armour (worn)
 e - a +0 plate armour
Jewellery
 k - a ring of flight (left hand)
 l - a ring of fire (right hand)
Scrolls
 c - 3 scrolls of immolation {unknown}
 d - a scroll of blinking
 f - a scroll of noise {unknown}
 g - a scroll of amnesia {unknown}
 i - 2 scrolls of teleportation {unknown}
 j - 3 scrolls of identify {unknown}
 m - a scroll of remove curse {unknown}
Potions
 h - a potion of flight {unknown}
 n - 3 potions of might {unknown}
 o - a potion of heal wounds {unknown}


   Skills:
 + Level 3.3 Fighting
 + Level 3.3 Axes
 - Level 1.0 Throwing
 + Level 2.5 Armour
 + Level 3.0 Dodging
 + Level 2.0 Spellcasting
 + Level 2.6 Translocations


You had 6 spell levels left.
You knew the following spells:

 Your Spells              Type           Power        Failure   Level
a - Blink                 Tloc           N/A          19%         2

Your spell library contained the following spells:

 Spells                   Type           Power        Failure   Level
 Gell's Gravitas          Tloc           3%           34%         3
 Lesser Beckoning         Tloc           3%           34%         3
 Teleport Other           Tloc           6%           34%         3
 Passage of Golubria      Tloc           N/A          75%         4


Dungeon Overview and Level Annotations

Branches:
Dungeon (3/15)

Altars:

Annotations:
D:3 Natasha


Innate Abilities, Weirdness & Mutations

You reflexively headbutt those who attack you in melee.
You have a pair of horns on your head.


Message History

Natasha is almost dead.
Natasha mumbles some strange words.
Natasha shimmers violently.
Natasha misses you. x2
You closely miss Natasha.
Natasha is almost dead.
Natasha claws you.
* * * LOW HITPOINT WARNING * * *
Natasha claws you!
* * * LOW HITPOINT WARNING * * *
You take 10 damage, and have 4/45 hp.
MASSIVE DAMAGE!!
You barely miss Natasha.
Natasha is almost dead.
Natasha closely misses you. Natasha claws you.
* * * LOW HITPOINT WARNING * * *
You take 1 damage, and have 3/45 hp.
You hit Natasha but do no damage.
Natasha is almost dead.
Natasha claws you!
You die...

ool.o..S)>.......
########.#.......
#.######### #.# #. ...
... #.##.# .#..# ######
#.. #...<......# o....#
..#. #...)##....#
####.###.#..#...h.#....#
..†.........#.#.@.#....#
####o###.##.#....##....#
...#l# #.#..?..........#
...#.# #.#.............#
####o# #.#.########.†>.#
#...# #.# ... ..#.)#.#
#...# #.#..# #.#..#.#
#..o###.#..#####.#..#.#
###...o.......##.#..#.#


You could see Natasha.

Vanquished Creatures
  Jessica (D:3)
  Natasha (D:3)
  2 adders
  An ooze (D:2)
  3 dart slugs
  A leopard gecko (D:2)
  7 orcs
  3 ball pythons
  4 giant cockroaches
  7 goblins
  3 hobgoblins (D:3)
  4 bats
  4 frilled lizards
  8 kobolds
  10 rats
59 creatures vanquished.

Notes
Turn   | Place    | Note
-------+----------+-------------------------------------------
     0 | D:1      | kaeus the Minotaur Warper began the quest for the Orb.
     0 | D:1      | Reached XP level 1. HP: 18/18 MP: 1/1
   345 | D:1      | Reached XP level 2. HP: 17/25 MP: 3/3
  1162 | D:2      | Reached XP level 3. HP: 30/30 MP: 4/4
  1787 | D:3      | Learned a level 2 spell: Blink
  2353 | D:2      | Reached XP level 4. HP: 31/38 MP: 5/5
  2585 | D:3      | Noticed Natasha
  2586 | D:3      | Noticed Jessica
  2591 | D:3      | Killed Natasha
  2593 | D:3      | Killed Jessica
  2800 | D:3      | Reached XP level 5. HP: 34/45 MP: 7/7
  2849 | D:3      | Noticed Natasha
  2861 | D:3      | Slain by Natasha

Illustrated notes

Levels and vault maps discovered:
D:1:      dpeg_arrival_circle_labyrinth_c, layout_basic
D:2:      layout_basic
D:3:      layout_basic, uniq_natasha, uniq_jessica

Skill      XL: |  1  2  3  4 |
---------------+-------------+-----
Armour         | 2 |  2.5
Axes           | 3 |  3.3
Fighting       | 3 |  3.3
Dodging        | 3 |  3.0
Spellcasting   | 2 |  2.0
Throwing       | |  1.0
Translocations | |  2.6

Action                   |  1- 3 |  4- 6 || total
-------------------------+-------+-------++-------
Melee: Hand axe          |    95 |    34 ||   129
       Headbutt          |     7 |     8 ||    15
Throw: Boomerang         |     5 |       ||     5
 Cast: Blink             |     1 |       ||     1
Armor: Leather armour    |    35 |     6 ||    41
Dodge: Dodged            |    59 |    23 ||    82
